 Dungeon Crawl Stone Soup version bcrawl-1.41.1 (webtiles) character file.

Game seed: 7786623506030727720

213371 Yshiel the Chiller (level 7, 0/51 HPs)
             Began as a Gnoll Ice Elementalist on Apr 13, 2024.
             Slain by Amelense's ghost (13 damage)
             ... on level 3 of the Dungeon.
             The game lasted 00:16:41 (3574 turns).

Yshiel the Chiller (Gnoll Ice Elementalist)         Turns: 3574, Time: 00:16:42

Health: 0/51       AC:  5    Str: 10    XL:     7   Next: 39%
Magic:  1/15       EV: 15    Int: 19    God:
Gold:   164        SH:  0    Dex: 16    Spells: 16/17 levels left

rFire    . . .     GDR:     29% w - +4 quarterstaff (chaos)
rCold    . . .     SeeInvis .   (shield currently unavailable)
rNeg     . . .     Gourm    .   a - +0 robe
rPois    +         Faith    .   o - +0 helmet
rElec    .         Spirit   .   b - +1 cloak
rCorr    .         Reflect  .   (no gloves)
MR       .....     Rnd*Tele +   (no boots)
Stlth    +++.......             (no amulet)
HPRegen  0.18/turn              h - ring of poison resistance
MPRegen  0.14/turn              j - ring of teleportation

@: lightly drained
A: distributed training, fangs 1, strong nose
a: no special abilities


You were on level 3 of the Dungeon.
You were hungry.

You visited 1 branch of the dungeon, and saw 4 of its levels.

You collected 164 gold pieces.

Inventory:

Hand Weapons
 f - a cursed -1 mace
 w - a +4 quarterstaff of chaos (weapon)
 x - a +2 mace of protection
 y - a +0 whip of flaming
Missiles
 g - 553 stones (quivered)
 k - 313 arrows
 l - 14 poisoned tomahawks
Armour
 a - a +0 robe (worn)
 b - a +1 cloak (worn)
 o - a +0 helmet (worn)
Jewellery
 h - a ring of poison resistance (left hand)
 j - a ring of teleportation (right hand)
Wands
 c - a wand of iceblast (1)
 v - a wand of polymorph (8)
Scrolls
 d - 3 scrolls of teleportation
 i - 2 scrolls of identify
 n - 2 scrolls of fog
 p - a scroll of revelation {unknown}
 q - 2 scrolls of remove curse
 r - a scroll of amnesia
 u - a scroll of noise {unknown}
Potions
 m - a potion of agility
 t - 2 potions of might {unknown}
 z - a potion of brilliance {unknown}
Comestibles
 e - 9 rations {!d}


   Skills:
 + Level 2.4(1.9) Fighting
 + Level 2.4(1.9) Short Blades
 + Level 2.4(1.9) Long Blades
 + Level 2.4(1.9) Axes
 + Level 2.4(1.9) Maces & Flails
 + Level 2.4(1.9) Polearms
 + Level 2.4(1.9) Staves
 + Level 2.4(1.9) Slings
 + Level 2.4(1.9) Bows
 + Level 2.4(1.9) Crossbows
 + Level 2.4(1.9) Throwing
 + Level 2.4(1.9) Armour
 + Level 5.2(4.7) Dodging
 + Level 5.2(4.7) Stealth
 + Level 2.4(1.9) Shields
 + Level 2.4(1.9) Unarmed Combat
 + Level 5.6(5.1) Spellcasting
 + Level 2.9(2.5) Conjurations
 + Level 2.0(1.5) Hexes
 + Level 2.0(1.5) Charms
 + Level 2.0(1.5) Summonings
 + Level 2.0(1.5) Necromancy
 + Level 2.0(1.5) Translocations
 + Level 2.0(1.5) Transmutations
 + Level 2.0(1.5) Fire Magic
 + Level 5.8(5.3) Ice Magic
 + Level 2.0(1.5) Air Magic
 + Level 2.0(1.5) Earth Magic
 + Level 2.0(1.5) Poison Magic
 + Level 2.6(2.2) Invocations
 + Level 2.4(1.9) Evocations


You had 16 spell levels left.
You knew the following spells:

 Your Spells              Type           Power        Failure   Level  Hunger
a - Freeze                Ice            ####..       1%          1    None

Your spell library contained the following spells:

 Spells                   Type           Power        Failure   Level  Hunger
 Throw Frost              Conj/Ice       ###...       1%          2    None
 Ozocubu's Armour         Chrm/Ice       ###.....     9%          3    ###....
 Throw Icicle             Conj/Ice       ###.....     24%         4    ####...
 Ice Form                 Ice/Tmut       ###.....     30%         4    ####...
 Summon Ice Beast         Ice/Summ       ###.....     30%         4    ####...


Dungeon Overview and Level Annotations

Branches:
Dungeon (4/12)
 Temple: D:4-7

Altars:
Nemelex Xobeh

Annotations:
D:3 Amelense's ghost, amateur EnSk


Innate Abilities, Weirdness & Mutations

Your experience applies equally to all skills.
You have very sharp teeth.
Your uncanny sense of smell can sniff out nearby items.


Message History

Press: ? - help, Shift-Dir - straight line, f/p - Amelense's ghost
Aim: Amelense's ghost (severely damaged)
You freeze Amelense's ghost!
Amelense's ghost is almost destroyed.
Amelense's ghost hits you.
* * * LOW HITPOINT WARNING * * *
Casting: Freeze (safe; 1% risk of failure)
Confirm with . or Enter, or press ? or * to list all spells.
You don't have enough magic to cast that spell.
Unknown command.
Casting: Freeze (safe; 1% risk of failure)
Confirm with . or Enter, or press ? or * to list all spells.
Okay, then.
You barely miss Amelense's ghost.
Amelense's ghost is almost destroyed.
Amelense's ghost hits you but does no damage.
You closely miss Amelense's ghost.
Amelense's ghost is almost destroyed.
Amelense's ghost hits you!
You die...

#### #####@.#
##≈⌠≈##W# #.....#K#
###### #..###.'K##
.....#####[.....'..#
.........#..###.'..#
.........##.W...#..#
##....(..###≈⌠≈##..#
##.#.......#####...#


You could see Amelense's ghost and 2 kobolds.

Vanquished Creatures
  An ogre (D:3)
  2 kobold brigands (D:3)
  A crimson imp (D:3)
  4 orc wizards
  Crazy Yiuf (D:2)
  3 gnolls (D:3)
  4 adders
  2 oozes
  2 worms
  3 dart slugs
  3 leopard geckos
  11 orcs
  9 giant cockroaches
  8 goblins
  11 hobgoblins
  17 kobolds
  4 quokkas
  A ball python (D:2)
  8 bats
  5 frilled lizards
  7 rats
107 creatures vanquished.

Vanquished Creatures (others)
  2 fungi (D:3)
  2 plants (D:3)
4 creatures vanquished.

Grand Total: 111 creatures vanquished

Notes
Turn   | Place    | Note
-------+----------+-------------------------------------------
     0 | D:1      | Yshiel the Gnoll Ice Elementalist began the quest for the
                  | Orb.
     0 | D:1      | Reached XP level 1. HP: 13/13 MP: 6/6
   106 | D:1      | Reached XP level 2. HP: 19/19 MP: 7/7
   356 | D:1      | Reached XP level 3. HP: 25/25 MP: 5/9
   361 | D:1      | Reached skill level 5 in Spellcasting
   506 | D:2      | Reached skill level 1 in Invocations
  1042 | D:2      | Reached skill level 1 in Fighting
  1042 | D:2      | Reached skill level 1 in Short Blades
  1042 | D:2      | Reached skill level 1 in Long Blades
  1042 | D:2      | Reached skill level 1 in Axes
  1042 | D:2      | Reached skill level 1 in Maces & Flails
  1042 | D:2      | Reached skill level 1 in Polearms
  1042 | D:2      | Reached skill level 1 in Staves
  1042 | D:2      | Reached skill level 1 in Slings
  1042 | D:2      | Reached skill level 1 in Bows
  1042 | D:2      | Reached skill level 1 in Crossbows
  1042 | D:2      | Reached skill level 1 in Throwing
  1042 | D:2      | Reached skill level 1 in Armour
  1042 | D:2      | Reached skill level 1 in Shields
  1042 | D:2      | Reached skill level 1 in Unarmed Combat
  1042 | D:2      | Reached skill level 1 in Evocations
  1113 | D:2      | Reached XP level 4. HP: 32/32 MP: 11/11
  1193 | D:2      | Found a runed door.
  1687 | D:2      | Noticed Crazy Yiuf
  1693 | D:2      | Killed Crazy Yiuf
  1694 | D:2      | Reached skill level 1 in Hexes
  1694 | D:2      | Reached skill level 1 in Charms
  1694 | D:2      | Reached skill level 1 in Summonings
  1694 | D:2      | Reached skill level 1 in Necromancy
  1694 | D:2      | Reached skill level 1 in Translocations
  1694 | D:2      | Reached skill level 1 in Transmutations
  1694 | D:2      | Reached skill level 1 in Fire Magic
  1694 | D:2      | Reached skill level 1 in Air Magic
  1694 | D:2      | Reached skill level 1 in Earth Magic
  1694 | D:2      | Reached skill level 1 in Poison Magic
  2085 | D:3      | Reached XP level 5. HP: 37/37 MP: 12/12
  2085 | D:3      | Found a runed translucent gate.
  2175 | D:3      | Noticed an ogre
  2186 | D:3      | Killed an ogre
  2192 | D:3      | Reached XP level 6. HP: 9/44 MP: 3/13
  2603 | D:4      | Reached skill level 5 in Dodging
  2603 | D:4      | Reached skill level 5 in Stealth
  2654 | D:3      | Found a runed translucent gate.
  2654 | D:3      | Found a runed translucent gate.
  2851 | D:3      | Found a sparkling altar of Nemelex Xobeh.
  2913 | D:3      | Reached XP level 7. HP: 42/50 MP: 15/15
  3518 | D:3      | Noticed Amelense's ghost (amateur EnSk)
  3574 | D:3      | Slain by Amelense's ghost

Skill      XL: |  1  2  3  4  5  6  7 |
---------------+----------------------+-----
Conjurations   | 2 |  2.9
Spellcasting   | 5 |  5.6
Invocations    | 1 2 |  2.6
Fighting       | 1 2 |  2.4
Short Blades   | 1 2 |  2.4
Long Blades    | 1 2 |  2.4
Axes           | 1 2 |  2.4
Maces & Flails | 1 2 |  2.4
Polearms       | 1 2 |  2.4
Staves         | 1 2 |  2.4
Slings         | 1 2 |  2.4
Bows           | 1 2 |  2.4
Crossbows      | 1 2 |  2.4
Throwing       | 1 2 |  2.4
Armour         | 1 2 |  2.4
Shields        | 1 2 |  2.4
Unarmed Combat | 1 2 |  2.4
Evocations     | 1 2 |  2.4
Hexes          | 1 2 |  2.0
Charms         | 1 2 |  2.0
Summonings     | 1 2 |  2.0
Necromancy     | 1 2 |  2.0
Translocations | 1 2 |  2.0
Transmutations | 1 2 |  2.0
Fire Magic     | 1 2 |  2.0
Air Magic      | 1 2 |  2.0
Earth Magic    | 1 2 |  2.0
Poison Magic   | 1 2 |  2.0
Dodging        | 5 |  5.2
Stealth        | 5 |  5.2
Ice Magic      | |  5.8

Action                   |  1- 3 |  4- 6 |  7- 9 || total
-------------------------+-------+-------+-------++-------
Melee: Unarmed           |     2 |       |       ||     2
       Dagger            |    40 |    41 |       ||    81
       Bite              |     2 |    14 |     2 ||    18
       Quarterstaff      |       |    70 |    29 ||    99
       Mace              |       |     1 |       ||     1
 Cast: Freeze            |    39 |    33 |    20 ||    92
  Use: Scroll            |     4 |     3 |       ||     7
       Potion            |       |       |     1 ||     1
 Stab: Sleeping          |     8 |     9 |     2 ||    19
  Eat: Chunk             |     2 |     9 |     3 ||    14
Armor: Robe              |    19 |    25 |     6 ||    50
Dodge: Dodged            |    48 |   130 |    27 ||   205
